 Dungeon Crawl Stone Soup version 0.31-a0-180-g519b7de00c (webtiles) character file.

Game seed: 3993768934041504963

84 qw the Shooter (level 4, -1/40 HPs)
             Began as a Naga Hunter on June 19, 2023.
             Slain by a water moccasin (8 damage)
             ... on level 3 of the Dungeon.
             The game lasted 00:00:34 (1362 turns).

qw the Shooter (Naga Hunter)                        Turns: 1362, Time: 00:00:35

Health: -1/40      AC:  3    Str: 11 (13) XL:     4   Next: 46%
Magic:  4/4        EV:  9    Int:  9 (10) God:
Gold:   62         SH:  0    Dex: 13 (16) Spells: 3/3 levels left

rFire   . . .        Y - +2 shortbow
rCold   . . .        (shield currently unavailable)
rNeg    . . .        c - +0 leather armour
rPois   +            (no helmet)
rElec   .            (no cloak)
rCorr   .            a - +0 pair of gloves
SInv    +            (no barding)
Will    .....        d - amulet of faith
Stlth   ++           (no ring)
HPRegen 0.26/turn    (no ring)
MPRegen 0.09/turn

%: faith
@: lethally poisoned (-1 -> -4), very slow
A: AC +1, large, see invisible, deformed body, poison resistance, slowness 2,
spit poison 1, naga tail 1
a: Spit Poison


You were on level 3 of the Dungeon.
You visited 1 branch of the dungeon, and saw 3 of its levels.

You collected 62 gold pieces.


Innate Abilities, Weirdness & Mutations

Your serpentine skin is tough. (AC +1)
You have supernaturally acute eyesight. (SInv)
Armour fits poorly on your strangely shaped body.
Your system is resistant to poisons. (rPois)
You cover ground very slowly.
You can spit poison.
You have a snake-like lower body.


   Skills:
 + Level 2.7 Fighting
 - Level 5.0 Ranged Weapons
 - Level 1.5 Dodging
 - Level 1.5 Stealth


You had 3 spell levels left.
You didn't know any spells.
Your spell library was empty.

Inventory:

Hand Weapons
 Y - a +2 shortbow (weapon)
Armour
 a - a +0 pair of gloves (worn)
 c - a +0 leather armour (worn)
Jewellery
 d - an amulet of faith (around neck)
Scrolls
 e - a scroll of identify
Potions
 b - a potion of enlightenment {unknown}
 f - a potion of haste {unknown}
 h - a potion of curing {unknown}
 i - a potion of berserk rage {unknown}
 l - a potion of resistance {unknown}

Dungeon Overview and Level Annotations

Branches:
Dungeon (3/15)

Altars:
Gozag


Message History

Found a stone staircase leading down.
Enter note: You have got your breath back.
g - a scroll of enchant weapon
Enter note:
Enter note:
1349 ||| READING scroll of enchant weapon.
As you read the scroll of enchant weapon, it crumbles to dust.
Your +1 shortbow glows red for a moment.
1349 ||| ENCHANTING +1 shortbow.
A water moccasin comes into view.
Enter note: You shoot an arrow.
The arrow hits the water moccasin.
The water moccasin hisses angrily.
The water moccasin is lightly wounded.
The water moccasin bites you.
You shoot an arrow. The arrow misses the water moccasin.
The water moccasin bites you.
You are poisoned.
The water moccasin poisons you! The water moccasin bites you!
You shoot an arrow. The arrow hits the water moccasin!
The water moccasin is heavily wounded.
You feel very sick. The water moccasin bites you!
The water moccasin bites you but does no damage.
You shoot an arrow.
The arrow barely misses the water moccasin.
You feel sick. The water moccasin bites you.
You shoot an arrow.
The arrow closely misses the water moccasin.
You feel sick. The water moccasin closely misses you.
The water moccasin completely misses you.
You shoot an arrow. The arrow hits the water moccasin.
The water moccasin is severely wounded.
You feel sick.
The water moccasin bites you but does no damage.
You shoot an arrow. The arrow hits the water moccasin!
The water moccasin is almost dead.
You feel sick. The water moccasin bites you!
You die...

###########.#.. ..
............###
##. ........##..#
#. .######.##..#
#. #.##..###### .
#.##........
#.##.#############
#.##..............
#@################
#.S......
#########


You could see a water moccasin.

Vanquished Creatures
  3 adders (D:2)
  A gnoll (D:1)
  A worm (D:2)
  2 bats (D:2)
  2 endoplasms (D:1)
  7 goblins
  8 hobgoblins
  3 quokkas
  5 ball pythons
  4 frilled lizards
  5 kobolds
  4 rats
45 creatures vanquished.

Notes
Turn   | Place    | Note
-------+----------+-------------------------------------------
     0 | D:1      | qw the Naga Hunter began the quest for the Orb.
     0 | D:1      | Reached XP level 1. HP: 19/19 MP: 1/1
     0 | D:1      | 0 ||| qw: Version: 0.3-a-7-ge0c9b40
     0 | D:1      | 0 ||| qw: Game counter: 1068
     0 | D:1      | 0 ||| qw: Always use a shield: true
     0 | D:1      | 0 ||| qw: God list: Okawaru
     0 | D:1      | 0 ||| qw: Allow faded altars: false
     0 | D:1      | 0 ||| qw: Do Orc after D:15 true
     0 | D:1      | 0 ||| qw: Do second Lair branch before Depths: true
     0 | D:1      | 0 ||| qw: Lair rune preference: random
     0 | D:1      | 0 ||| qw: Plans: Normal
     0 | D:1      | 0 ||| PLANNING D:1-11
     2 | D:1      | Noticed a draconian
     2 | D:1      | Noticed a troll
     4 | D:1      | Noticed a ghoul
     4 | D:1      | Noticed a naga
     6 | D:1      | Noticed a human
     6 | D:1      | Noticed an octopode
     8 | D:1      | Noticed a gargoyle
    10 | D:1      | Noticed a vampire
    10 | D:1      | Noticed a tengu
    12 | D:1      | Noticed an elf
    12 | D:1      | Noticed a meteoran
    14 | D:1      | Noticed a merfolk
    14 | D:1      | Noticed an ogre
    16 | D:1      | Noticed a felid
    16 | D:1      | Noticed a minotaur
    18 | D:1      | Noticed a spriggan
    20 | D:1      | Noticed a demonspawn
    20 | D:1      | Noticed an armataur
    22 | D:1      | Noticed a formicid
    22 | D:1      | Noticed a vine stalker
    24 | D:1      | Noticed a ghoul
    26 | D:1      | Noticed a tengu
    26 | D:1      | Noticed a ghoul
    31 | D:1      | 31 ||| INVOKING Spit Poison.
    37 | D:1      | 37 ||| INVOKING Spit Poison.
    48 | D:1      | 48 ||| INVOKING Spit Poison.
    49 | D:1      | 49 ||| INVOKING Spit Poison.
    55 | D:1      | Reached skill level 4 in Ranged Weapons
    55 | D:1      | Reached XP level 2. HP: 26/26 MP: 2/2
    68 | D:1      | 68 ||| INVOKING Spit Poison.
    89 | D:1      | 89 ||| INVOKING Spit Poison.
    97 | D:1      | Found a faded altar of an unknown god.
    99 | D:1      | 99 ||| INVOKING Spit Poison.
   121 | D:1      | 121 ||| INVOKING Spit Poison.
   150 | D:1      | 150 ||| INVOKING Spit Poison.
   175 | D:1      | 175 ||| INVOKING Spit Poison.
   182 | D:1      | 182 ||| INVOKING Spit Poison.
   183 | D:1      | Reached XP level 3. HP: 15/32 MP: 3/3
   312 | D:1      | 312 ||| INVOKING Spit Poison.
   323 | D:1      | 323 ||| INVOKING Spit Poison.
   327 | D:1      | 327 ||| INVOKING Spit Poison.
   365 | D:1      | 365 ||| INVOKING Spit Poison.
   373 | D:1      | 373 ||| INVOKING Spit Poison.
   403 | D:1      | 403 ||| INVOKING Spit Poison.
   408 | D:1      | 408 ||| INVOKING Spit Poison.
   471 | D:1      | 471 ||| UPGRADING to amulet of faith.
   476 | D:1      | 476 ||| DROPPING ring of magical power.
   477 | D:1      | 477 ||| READING scroll labelled TOUSEE TOXY.
   478 | D:1      | 478 ||| READING scroll labelled YBROAH ZIACI.
   479 | D:1      | 479 ||| DRINKING 2 coppery potions.
   505 | D:1      | 505 ||| DRINKING 2 inky potions.
   506 | D:1      | 506 ||| DROPPING scroll of butterflies.
   507 | D:1      | 507 ||| DROPPING potion of lignification.
   508 | D:1      | 508 ||| DROPPING potion of degeneration.
   521 | D:2      | 521 ||| INVOKING Spit Poison.
   524 | D:2      | 524 ||| INVOKING Spit Poison.
   530 | D:2      | 530 ||| INVOKING Spit Poison.
   644 | D:2      | 644 ||| INVOKING Spit Poison.
   648 | D:2      | 648 ||| INVOKING Spit Poison.
   653 | D:2      | 653 ||| INVOKING Spit Poison.
   714 | D:2      | 714 ||| INVOKING Spit Poison.
   716 | D:2      | Reached skill level 5 in Ranged Weapons
   809 | D:2      | 809 ||| INVOKING Spit Poison.
   810 | D:2      | Reached XP level 4. HP: 39/39 MP: 4/4
   948 | D:2      | 948 ||| INVOKING Spit Poison.
   949 | D:2      | 949 ||| INVOKING Spit Poison.
  1021 | D:2      | 1021 ||| INVOKING Spit Poison.
  1100 | D:2      | 1100 ||| INVOKING Spit Poison.
  1106 | D:2      | 1106 ||| INVOKING Spit Poison.
  1107 | D:2      | 1107 ||| INVOKING Spit Poison.
  1139 | D:2      | 1139 ||| INVOKING Spit Poison.
  1228 | D:2      | 1228 ||| UPGRADING to +0 pair of gloves.
  1233 | D:2      | 1233 ||| READING scroll labelled LOYTZY WAKAED.
  1268 | D:3      | Found an opulent altar of Gozag.
  1277 | D:3      | 1277 ||| INVOKING Spit Poison.
  1292 | D:3      | 1292 ||| INVOKING Spit Poison.
  1349 | D:3      | 1349 ||| READING scroll of enchant weapon.
  1349 | D:3      | 1349 ||| ENCHANTING +1 shortbow.
  1355 | D:3      | Noticed a water moccasin
  1360 | D:3      | HP: 9/40 [poisoned by a water moccasin]
  1362 | D:3      | Slain by a water moccasin

Levels and vault maps discovered:
D:1:      kb_arrival_jail, layout_rooms, shapermc_ecumenical_altar_acropolis,
          minmay_unequal
D:2:      layout_basic
D:3:      layout_basic, grunt_gozag_statues, amcnicky_mini_corridor_feature

Skill      XL: |  1  2  3 |
---------------+----------+-----
Ranged Weapons | 4 5 |  5.0
Fighting       | |  2.7
Dodging        | |  1.5
Stealth        | |  1.5

Action                     |  1- 3 |  4- 6 || total
---------------------------+-------+-------++-------
   Fire: Shortbow          |    59 |    19 ||    78
Ability: Spit Poison       |    25 |     7 ||    32
    Use: Scroll            |     2 |     2 ||     4
         Potion            |     2 |       ||     2
 Armour: Leather armour    |     1 |     3 ||     4
  Dodge: Dodged            |    12 |     2 ||    14

Table legend:
 A = Non-vault XP
 B = Vault XP
 C = Vault XP percentage of total XP
 D = Non-vault monster count
 E = Vault monster count
 F = Vault count percentage of total count
                 A         B        C        D         E       F
            +---------+---------+-------+---------+---------+-------
      Total |     113 |       8 |   6.6 |      40 |       5 |  11.1
            +---------+---------+-------+---------+---------+-------
        D:1 |      46 |       8 |  14.8 |      22 |       5 |  18.5
        D:2 |      64 |       0 |   0.0 |      15 |       0 |   0.0
        D:3 |       3 |       0 |   0.0 |       3 |       0 |   0.0
            +---------+---------+-------+---------+---------+-------
